 Dungeon Crawl Stone Soup version 0.30.0-10-gfe55d96785 (webtiles) character file.

Game seed: 13516193134500020491

18 Baadz the Chopper (level 2, -2/27 HPs)
             Began as a Hill Orc Berserker on May 15, 2023.
             Was a Follower of Trog.
             Slain by a kobold
             ... wielding a +0 dagger
              (3 damage)
             ... on level 1 of the Dungeon.
             The game lasted 00:03:36 (262 turns).

Baadz the Chopper (Hill Orc Berserker)               Turns: 262, Time: 00:03:36

Health: -2/27      AC:  2    Str: 19    XL:     2   Next: 70%
Magic:  2/2        EV: 12    Int:  7    God:    Trog [*.....]
Gold:   23         SH:  0    Dex: 10    Spells: 1/1 levels left

rFire   . . .        a - +0 hand axe
rCold   . . .        (no shield)
rNeg    . . .        b - +0 animal skin
rPois   .            (no helmet)
rElec   .            (no cloak)
rCorr   .            (no gloves)
SInv    .            (no boots)
Will    .....        (no amulet)
Stlth   +            (no ring)
HPRegen 0.24/turn    (no ring)
MPRegen 0.08/turn

%: no passive effects
@: no status effects
A: no striking features
a: Renounce Religion, Berserk


You were on level 1 of the Dungeon.
You worshipped Trog.
Trog was aware of your devotion.
You visited 1 branch of the dungeon, and saw 1 of its levels.

You collected 23 gold pieces.

Inventory:

Hand Weapons
 a - a +0 hand axe (weapon)
 f - a +0 club
 g - a +0 whip
 h - a +0 mace
Armour
 b - a +0 animal skin (worn)
 e - a +0 robe
Jewellery
 j - a +4 ring of protection
Potions
 c - a potion of brilliance {unknown}
 d - a potion of haste {unknown}
 i - a potion of degeneration {unknown}


   Skills:
 + Level 4.1 Fighting
 + Level 4.7 Axes
 + Level 2.1 Armour
 + Level 1.6 Dodging


You had one spell level left.
You didn't know any spells.
Your spell library was empty.

Dungeon Overview and Level Annotations

Branches:
Dungeon (1/15)

Altars:


Message History

You kill the ball python!
Trog accepts your kill.
You hit the rat. The rat bites you. The rat attacks as you move away!
The rat bites you but does no damage.
You see here a ball python corpse.
You hit the kobold but do no damage. You barely miss the rat.
The rat bites you. The kobold misses you.
You hit the rat.
You kill the rat!
Trog accepts your kill.
You hit the kobold. The kobold hits you with a +0 whip.
The kobold completely misses you. The goblin hits you with a +0 dagger.
You hit the goblin.
You kill the goblin!
Trog accepts your kill.
You hit the kobold but do no damage. You hit the ball python.
You kill the ball python!
Trog accepts your kill. The kobold hits you with a +0 whip.
You hit the kobold but do no damage. You hit the kobold. The kobold misses you.
The kobold hits you with a +0 dagger.
You barely miss the kobold. You hit the kobold.
You kill the kobold!
Trog accepts your kill. The kobold hits you with a +0 dagger.
You hit the kobold but do no damage. The kobold closely misses you.
You miss the kobold. The kobold hits you with a +0 dagger.
* * * LOW HITPOINT WARNING * * *
You completely miss the kobold. The kobold completely misses you.
You hit the kobold but do no damage. The kobold hits you with a +0 dagger.
* * * LOW HITPOINT WARNING * * *
You barely miss the kobold. The kobold hits you but does no damage.
You barely miss the kobold. The kobold hits you with a +0 dagger.
* * * LOW HITPOINT WARNING * * *
You completely miss the kobold. The kobold hits you with a +0 dagger.
* * * LOW HITPOINT WARNING * * *
The kobold hits you with a +0 dagger.
* * * LOW HITPOINT WARNING * * *
You barely miss the kobold. The kobold hits you with a +0 dagger.
You die...

###########....##.#.#######
#.......).'.......#.......#
#.......###.....###.......#
#..#.#.....#.......#.......###
#.## #.#.#.#....##.#..........
#....#.#......####...###.....#
#......#...##.. ..##.....#...#
#.........#######....########.
#......>#...K@....#### ###.
#####K#g#...)†....# ##..#
#.............# #...#
..............# ##.##.
...............# #..##.
#.......#+####### #....#
#.......# ......#..# .......#
.J....#### #......


You could see a kobold.

Vanquished Creatures
  A dart slug (D:1)
  An endoplasm (D:1)
  2 goblins (D:1)
  3 kobolds (D:1)
  A quokka (D:1)
  4 ball pythons (D:1)
  A bat (D:1)
  2 rats (D:1)
15 creatures vanquished.

Notes
Turn   | Place    | Note
-------+----------+-------------------------------------------
     0 | D:1      | Baadz the Hill Orc Berserker began the quest for the Orb.
     0 | D:1      | Reached XP level 1. HP: 19/19 MP: 1/1
   144 | D:1      | Reached XP level 2. HP: 24/27 MP: 2/2
   261 | D:1      | HP: 1/27 [kobold/+0 dagger (1)]
   262 | D:1      | Slain by a kobold

Illustrated notes

Levels and vault maps discovered:
D:1:      lightli_iron_boxes, layout_basic

Skill      XL: |  1  2 |
---------------+-------+-----
Fighting       | 4 |  4.1
Axes           | |  4.7
Armour         | |  2.1
Dodging        | |  1.6

Action                     || total
---------------------------++-------
  Melee: Hand axe          ||    39
 Armour: Animal skin       ||     7
  Dodge: Dodged            ||    23
